 Dungeon Crawl Stone Soup version 0.18-a0-1730-g73f0523 (webtiles) character file.

2574 4thArraOfDagon the Cleaver (level 9, 0/123 HPs)
             Began as a Hill Orc Berserker on Apr 10, 2016.
             Was a Believer of Trog.
             Slain by a white ugly thing (17 damage)
             ... on level 11 of the Dungeon.
             The game lasted 00:08:20 (1652 turns).

4thArraOfDagon the Cleaver (Hill Orc Berserker)     Turns: 1652, Time: 00:08:21

Health: 0/123      AC: 17    Str: 28    XL:     9   Next: 57%
Magic:  0/9        EV: 13    Int:  7    God:    Trog [**....]
Gold:   190        SH:  0    Dex: 15    Spells: 0 memorised, 8 levels left

rFire  . . .     SeeInvis .     k - +4 hand axe
rCold  . . .     Gourm    .     t - +0 plate armour
rNeg   . . .     Faith    .     (no shield)
rPois  .         Spirit   +     (no helmet)
rElec  .         Dismiss  .     (no cloak)
rCorr  .         Reflect  .     (no gloves)
SustAt .         Harm     .     (no boots)
MR     ++...                    w - amulet of guardian spirit
Stlth  ..........               (no ring)
                                u - +4 ring of protection

@: agile, berserking, regenerating, very quick, very resistant to hostile
enchantments, extremely unstealthy
A: no striking features
a: Berserk, Trog's Hand, Burn Spellbooks, Renounce Religion


You were on level 11 of the Dungeon.
You worshipped Trog.
Trog was pleased with you.
You were hungry.

You visited 1 branch of the dungeon, and saw 11 of its levels.

You collected 190 gold pieces.

Inventory:

Hand Weapons
 k - a +4 hand axe (weapon)
 l - a +0 battleaxe
Armour
 t - a +0 plate armour (worn)
Jewellery
 u - a +4 ring of protection (left hand)
 v - an uncursed ring of ice
 w - an amulet of guardian spirit (around neck)
Wands
 y - a wand of polymorph (7/24)
Scrolls
 d - 2 scrolls of teleportation {unknown}
 f - 2 scrolls of noise {unknown}
 h - a scroll of blinking {unknown}
 i - a scroll of identify
 n - a scroll of amnesia {unknown}
 o - 5 scrolls of remove curse {unknown}
 p - a scroll of fear {unknown}
 q - a scroll of random uselessness {unknown}
 r - 2 scrolls of magic mapping {unknown}
Potions
 b - a potion of might {unknown}
 e - a potion of beneficial mutation
 s - a potion of degeneration
 z - 3 potions of heal wounds {unknown}
 A - a potion of magic {unknown}
 B - a potion of curing {unknown}
 C - a potion of berserk rage {unknown}
Comestibles
 c - 3 bread rations
 g - a beef jerky
 j - 3 meat rations
 x - a chunk of flesh


   Skills:
 + Level 8.5 Fighting
 * Level 11.9 Axes
 + Level 7.3 Armour
 - Level 1.5 Dodging
 + Level 0.8 Evocations


You had 8 spell levels left.
You didn't know any spells.

Dungeon Overview and Level Annotations

Branches:
Dungeon (11/15)            Temple (0/1) D:4            Lair (0/8) D:10
    Orc: D:9-12

Altars:
Trog

Annotations:
D:9 exclusion: upstairs
D:10 Sonja


Message History

You feel resistant to hostile enchantments.
You feel slightly more hungry.
The white ugly thing trunk-slaps you but does no damage.
Unknown command.
Unknown command.
Unknown command.
Read which item? (? for menu, Esc to quit)
Okay, then.
A red film seems to cover your vision as you go berserk!
You feel yourself moving faster!
You feel mighty!
You are feeling hungry.
The white ugly thing trunk-slaps you. The white ugly thing freezes you!!
* * * LOW HITPOINT WARNING * * *
Unknown command.
You hit the white ugly thing.
The white ugly thing is lightly wounded.
The white ugly thing trunk-slaps you!
* * * LOW HITPOINT WARNING * * *
The white ugly thing freezes you!!
You die...

## ... ##### .... #..). .....
#.... ......######### #....
...(.......u@.###########....
......#######...........'....
###.# #############.... #
#.... ###'# ##.# #..# ##'##
#....


You could see a white ugly thing.

Vanquished Creatures
  An unseen horror (D:11)
  Pikel (D:7)
  A porcupine (D:10)
  An ice beast (D:9)
  A sky beast (D:7)
  A phantom (D:7)
  2 orc warriors
  4 slaves (D:7)
  A centaur (D:9)
  A crocodile (D:10)
  A big kobold (D:8)
  A giant frog (D:9)
  6 killer bees (D:9)
  2 giant frog zombies
  A crimson imp (D:7)
  A giant frog skeleton (D:8)
  2 hounds
  2 quasits
  An iguana (D:8)
  A gnoll shaman (D:4)
  2 orc wizards (D:8)
  A hell rat (D:10)
  A howler monkey skeleton (D:4)
  2 adders
  4 gnolls
  An ooze (D:3)
  An adder zombie (D:3)
  A dart slug (D:1)
  2 giant geckos
  8 orcs
  A giant cockroach (D:3)
  10 jackals
  A quokka (D:3)
  3 bats
  A giant gecko zombie (D:8)
  5 giant newts
  8 kobolds
  3 rats
87 creatures vanquished.

Notes
Turn   | Place    | Note
--------------------------------------------------------------
     0 | D:1      | 4thArraOfDagon the Hill Orc Berserker began the quest for the Orb.
     0 | D:1      | Reached XP level 1. HP: 19/19 MP: 1/1
    80 | D:1      | Reached XP level 2. HP: 27/27 MP: 2/2
   145 | D:2      | Found a bloodstained altar of Trog.
   249 | D:3      | Reached XP level 3. HP: 24/33 MP: 3/3
   249 | D:3      | Reached ** piety under Trog
   290 | D:4      | Reached skill level 5 in Axes
   290 | D:4      | Reached XP level 4. HP: 41/41 MP: 4/4
   446 | D:4      | Found a staircase to the Ecumenical Temple.
   506 | D:5      | Entered Level 5 of the Dungeon
   567 | D:6      | Noticed a centaur
   580 | D:6      | Reached skill level 5 in Fighting
   580 | D:6      | Reached skill level 6 in Axes
   580 | D:6      | Reached XP level 5. HP: 47/48 MP: 5/5
   716 | D:7      | Noticed a phantom
   718 | D:7      | Noticed a sky beast
   720 | D:7      | Noticed a slave
   721 | D:7      | Noticed a slave
   722 | D:7      | Noticed Pikel
   722 | D:7      | Noticed a slave
   723 | D:7      | Noticed a slave
   728 | D:7      | Killed a slave
   731 | D:7      | Killed a slave
   733 | D:7      | Killed a slave
   736 | D:7      | Killed a slave
   739 | D:7      | Killed a sky beast
   739 | D:7      | Reached XP level 6. HP: 27/56 MP: 6/6
   743 | D:7      | Killed Pikel
   743 | D:7      | Reached skill level 8 in Axes
   743 | D:7      | Reached skill level 5 in Armour
   743 | D:7      | Reached XP level 7. HP: 31/64 MP: 7/7
   770 | D:7      | Reached XP level 8. HP: 29/71 MP: 8/8
   813 | D:7      | Reached skill level 9 in Axes
   863 | D:8      | Noticed a two-headed ogre
   993 | D:9      | Reached skill level 10 in Axes
  1068 | D:10     | Entered Level 10 of the Dungeon
  1071 | D:10     | Noticed Sonja
  1135 | D:8      | Reached XP level 9. HP: 81/81 MP: 9/9
  1397 | D:11     | Killed an unseen horror
  1397 | D:11     | Reached skill level 11 in Axes
  1428 | D:10     | Found a staircase to the Lair.
  1640 | D:11     | Noticed a white ugly thing
  1652 | D:11     | Slain by a white ugly thing

Vault maps used:
D:1:      lightli_arrival_boilingwater
D:2:      gammafunk_temple_overflow_statue, uniq_terence
D:3:      lemuel_coloured_pillars_altar, ecumenical_altar_1,
          corexii_item_surrounded_by_moat, uniq_robin, uniq_iyjb
D:4:      uniq_crazy_yiuf_cottage
D:5:      nicolae_overflow_crystal_walls, first_bread, st_stairs_8,
          fedhas_altar_1, uniq_duvessa
D:6:      nicolae_qazlal_style_of_elements, kb_lookout_dungeons_type
D:7:      serial_shops, nicolae_shop_stone, uniq_pikel, uniq_menkaure
D:9:      hangedman_pestilent_swarm, grunt_ministairs_14
D:10:     dpeg_lair_monsters, uniq_sonja

Skill      XL: |  1  2  3  4  5  6  7  8  9 |
---------------+----------------------------+-----
Fighting       | 4 5 6 7 8 |  8.5
Axes           | 5 6 8 10 11 | 11.9
Armour         | 3 4 5 6 7 |  7.3
Dodging        | |  1.5
Evocations     | |  0.8

Action                   |  1- 3 |  4- 6 |  7- 9 || total
-------------------------+-------+-------+-------++-------
Melee: Hand axe          |    54 |    53 |   155 ||   262
       Battleaxe         |       |       |    12 ||    12
Throw: Throwing net      |       |       |     2 ||     2
Invok: Berserk           |     3 |     1 |     7 ||    11
       Trog's Hand       |     1 |       |     7 ||     8
  Use: Scroll            |       |     3 |       ||     3
       Potion            |       |       |     1 ||     1
 Stab: Sleeping          |     1 |       |       ||     1
  Eat: Chunk             |       |     2 |    12 ||    14
